 Dungeon Crawl Stone Soup version 0.29.0-13-gc9e81de378 (webtiles) character file.

Game seed: 8687491417601521410

177 LynnLen the Sneak (level 5, -1/36 HPs)
             Began as a Spriggan Conjurer on Sept 10, 2022.
             Killed from afar by a steam dragon (7 damage)
             ... with a ball of steam
             ... on level 5 of the Dungeon.
             The game lasted 00:15:53 (5951 turns).

LynnLen the Sneak (Spriggan Conjurer)               Turns: 5951, Time: 00:15:53

Health: -1/36      AC: 22    Str:  3    XL:     5   Next: 30%
Magic:  5/12       EV:  4    Int: 22    God:
Gold:   219        SH:  0    Dex: 13    Spells: 2/12 levels left

rFire   . . .      SeeInvis +   (weapon restricted)
rCold   . . .      Faith    .   (no shield)
rNeg    . . .      Spirit   .   (body armour currently unavailable)
rPois   +          Reflect  .   (helmet currently unavailable)
rElec   .          Harm     .   (cloak currently unavailable)
rCorr   .          Rampage  .   (gloves unavailable)
Will    .....      NoTele   +   (boots unavailable)
Stlth   +++.......              (no amulet)
HPRegen 0.12/turn               (no ring)
MPRegen 0.13/turn               (no ring)

@: tree-form, very slightly contaminated
A: stationary, stasis, torment immunity, boosted hp, very small, no large
weapons, unfitting armour, see invisible, (speed 3)
a: no special abilities


You were on level 5 of the Dungeon.
You were a tree.
You visited 1 branch of the dungeon, and saw 5 of its levels.

You collected 219 gold pieces.

Inventory:

Armour
 a - a +0 robe (melded)
Scrolls
 c - a scroll of blinking
 f - 3 scrolls of teleportation
 i - a scroll of amnesia {unknown}
 j - a scroll of magic mapping {unknown}
 l - a scroll of enchant armour {unknown}
 m - a scroll of enchant weapon {unknown}
Potions
 b - a potion of magic
 d - a potion of invisibility {unknown}
 e - a potion of lignification
 g - a potion of might {unknown}
 h - a potion of degeneration {unknown}
 k - a potion of curing {unknown}


   Skills:
 - Level 2.6 Dodging
 + Level 5.5 Stealth
 + Level 4.3 Spellcasting
 + Level 3.7 Conjurations
 + Level 0.1 Hexes
 + Level 0.5 Earth Magic


You had 2 spell levels left.
You knew the following spells:

 Your Spells              Type           Power      Damage    Failure   Level
a - Magic Dart            Conj           84%        1d7       2%          1
b - Searing Ray           Conj           42%        2d6       3%          2
c - Stone Arrow           Conj/Erth      28%        3d8       13%         3
d - Fulminant Prism       Conj/Hex       6%         3d7       43%         4

Your spell library contained the following spells:

 Spells                   Type           Power      Damage    Failure   Level
 Shock                    Conj/Air       52%        1d6       4%          1
 Sandblast                Erth           14%        2d6       9%          1
 Slow                     Hex            20%        N/A       10%         1
 Passwall                 Tmut/Erth      5%         N/A       14%         2
 Dazzling Flash           Conj/Hex       26%        N/A       14%         3
 Confusing Touch          Hex            5%         N/A       30%         3
 Summon Guardian Golem    Hex/Summ       5%         N/A       30%         3
 Swiftness                Air            4%         N/A       32%         3
 Vampiric Draining        Necr           4%         2d6       32%         3
 Iskenderun's Mystic Bla  Conj/Tloc      13%        2d5       45%         4
 Airstrike                Air            2%         2d(1-17)  71%         4
 Orb of Destruction       Conj           10%        9d6       100%        7
 Spellforged Servitor     Conj/Summ      6%         N/A       100%        7


Dungeon Overview and Level Annotations

Branches:
Dungeon (5/15)
 Temple: D:4-7

Altars:
Qazlal
Vehumet
Yredelemnul

Shops:
D:1 :

Annotations:
D:3 Sigmund
D:4 Dowan, Duvessa


Innate Abilities, Weirdness & Mutations

You are a tree.
Your roots penetrate the ground, keeping you stationary.
You cannot be teleported.
You are immune to unholy pain and torment.
Your maximum health is greatly increased.
Your equipment is partially melded.
You are very small and have problems with some larger weapons.
You are too small for most types of armour.
You have supernaturally acute eyesight. (SInv)
((You cover ground extremely quickly. (Speed+++)))


Message History

A steam dragon comes into view.
Aiming: Magic Dart (safe; 2% risk of failure)
Press: ? - help, Q - select action, (/) - cycle Shift-Dir - straight line, f - steam dragon
Aim: a steam dragon (100% to hit)
Okay, then.
Aiming: Stone Arrow (quite dangerous; 13% risk of failure)
Press: ? - help, Q - select action, (/) - cycle Shift-Dir - straight line, f - you
Okay, then.
Aiming: Stone Arrow (quite dangerous; 13% risk of failure)
Press: ? - help, Q - select action, (/) - cycle Shift-Dir - straight line, f - steam dragon
Aim: a steam dragon (68% to hit)
You miscast Stone Arrow.
You are very lightly contaminated with residual magic.
Nothing appears to happen.
Aiming: Stone Arrow (quite dangerous; 13% risk of failure)
Press: ? - help, Q - select action, (/) - cycle Shift-Dir - straight line, f/p - steam dragon
Aim: a steam dragon (68% to hit)
The stone arrow hits the steam dragon!
The steam dragon is moderately wounded.
The steam dragon breathes steam at you. The ball of steam hits you!
You hear a shout! x3
The steam dragon breathes steam at you. The ball of steam hits you!
Ouch! That really hurt!
* * * LOW HITPOINT WARNING * * *
Your magical contamination has completely faded away.
It was a potion of lignification.
You turn into a tree.
Your +0 robe melds into your body.
Your roots penetrate the ground.
You start resting.
A steam dragon is nearby!
Aiming: Stone Arrow (quite dangerous; 13% risk of failure)
Press: ? - help, Q - select action, (/) - cycle Shift-Dir - straight line, f/p - steam dragon
Aim: a steam dragon (moderately wounded, 68% to hit)
You miscast Stone Arrow.
You are very lightly contaminated with residual magic.
Nothing appears to happen.
The steam dragon breathes steam at you. The ball of steam hits you!
You die...

###.##§# ### $# #......#
#.# ## .####
#......####.#.##.##
##....#
#..........###.##.###..#
#..........D#......#.#.#
#.....######.######.##.#
####### #§# ### .# #§#
.. #♣# #. #.# .# ### #.#
.# ##^###.# .## #......#
..# ##.##### #.# #.# #.#
#.# ##.########.#


There were no monsters in sight!

Vanquished Creatures
  A scorpion (D:4)
  2 gnolls
  An ufetubus (D:4)
  5 dart slugs
  3 orcs
  6 bats (D:2)
  8 endoplasms
  5 giant cockroaches
  8 goblins
  8 hobgoblins
  4 quokkas
  7 ball pythons
  A frilled lizard (D:3)
  9 kobolds
  5 rats
73 creatures vanquished.

Notes
Turn   | Place    | Note
-------+----------+-------------------------------------------
     0 | D:1      | LynnLen the Spriggan Conjurer began the quest for the Orb.
     0 | D:1      | Reached XP level 1. HP: 9/9 MP: 5/5
    25 | D:1      | Found Ahuebixt's Vocational Training.
   548 | D:1      | Reached XP level 2. HP: 13/13 MP: 0/7
   888 | D:1      | Learned a level 2 spell: Searing Ray
  1561 | D:1      | Reached skill level 4 in Stealth
  1568 | D:1      | Reached XP level 3. HP: 16/16 MP: 1/8
  2549 | D:2      | Found a faded altar of an unknown god.
  3627 | D:3      | Found a basalt altar of Yredelemnul.
  4011 | D:3      | Noticed Sigmund
  4020 | D:4      | Noticed a scorpion
  4036 | D:4      | Reached XP level 4. HP: 21/21 MP: 6/10
  4040 | D:4      | Killed a scorpion
  4041 | D:4      | Reached skill level 5 in Stealth
  4060 | D:4      | Learned a level 3 spell: Stone Arrow
  4481 | D:4      | Reached XP level 5. HP: 24/24 MP: 0/12
  4868 | D:4      | Learned a level 4 spell: Fulminant Prism
  5222 | D:4      | Found a stormy altar of Qazlal.
  5364 | D:4      | Noticed Dowan
  5386 | D:4      | Noticed Duvessa
  5434 | D:5      | Entered Level 5 of the Dungeon
  5812 | D:5      | Found a radiant altar of Vehumet.
  5901 | D:5      | Noticed a centaur
  5922 | D:5      | Noticed a steam dragon
  5951 | D:5      | Killed from afar by a steam dragon

Illustrated notes

Levels and vault maps discovered:
D:1:      enne_arrival_octagon_isle, layout_basic, minmay_tree_intersection,
          nicolae_shop_vocational
D:2:      layout_basic, chequers_ecumenical_altar_grove
D:3:      layout_basic, mainiacjoe_overflow_concentric_impassable, uniq_ijyb,
          uniq_sigmund
D:4:      minmay_opposing_rooms, layout_basic, nicolae_qazlal_general_emergency,
          uniq_duvessa
D:5:      layout_loops_ring, fedhas_bush_and_centaur_altar,
          mainiacjoe_overflow_chevrons, mainiacjoe_overflow_tiny_flanked

Skill      XL: |  1  2  3  4 |
---------------+-------------+-----
Conjurations   | 3 |  3.7
Spellcasting   | 3 4 |  4.3
Stealth        | 4 5 |  5.5
Dodging        | |  2.6
Hexes          | |  0.1
Earth Magic    | |  0.5

Action                   |  1- 3 |  4- 6 || total
-------------------------+-------+-------++-------
Melee: Unarmed           |     6 |       ||     6
Throw: Throwing net      |     1 |       ||     1
 Cast: Magic Dart        |    54 |    33 ||    87
       Searing Ray       |    35 |    18 ||    53
       Stone Arrow       |       |     1 ||     1
  Use: Scroll            |     2 |     2 ||     4
       Potion            |       |     1 ||     1
Armor: Robe              |     2 |     1 ||     3
Dodge: Dodged            |    12 |     9 ||    21
